 Dungeon Crawl Stone Soup version 0.20-a0-1023-gc4d110f (webtiles) character file.

157 Ordine the Chopper (level 5, -2/46 HPs)
             Began as a Deep Dwarf Fighter on Apr 18, 2017.
             Slain by a gnoll
             ... wielding a +2 flail of crushing
              (5 damage)
             ... on level 3 of the Dungeon.
             The game lasted 00:06:34 (1582 turns).

Ordine the Chopper (Deep Dwarf Fighter)             Turns: 1582, Time: 00:06:34

Health: -2/46      AC: 11    Str: 20    XL:     5   Next: 15%
Magic:  5/5        EV:  3    Int: 13    God:
Gold:   122        SH:  9    Dex: 13    Spells: 2/4 levels left

rFire    . . .     SeeInvis .   a - +0 war axe
rCold    . . .     Gourm    +   c - +0 shield
rNeg     . . .     Faith    .   k - +0 plate armour
rPois    .         Spirit   .   (no helmet)
rElec    .         Reflect  .   (no cloak)
rCorr    .         Harm     .   (no gloves)
MR       .....                  (no boots)
Stlth    ..........             b - amulet of the gourmand
Regen    0.0/turn               j - +5 ring of intelligence
MPRegen  0.1/turn               (no ring)

@: non-regenerating
A: damage resistance, heal wounds, sense surroundings 1, no regeneration
a: Heal Wounds


You were on level 3 of the Dungeon.
You were completely stuffed.

You visited 1 branch of the dungeon, and saw 3 of its levels.

You collected 122 gold pieces.

Inventory:

Hand Weapons
 a - a +0 war axe (weapon)
Armour
 c - a +0 shield (worn)
 k - a +0 plate armour (worn)
Jewellery
 b - an amulet of the gourmand (around neck)
 g - an uncursed amulet of rage {unknown}
 j - a +5 ring of intelligence (left hand)
Scrolls
 e - 2 scrolls of immolation
 i - 2 scrolls of recharging
 s - 2 scrolls of teleportation
Potions
 d - 2 potions of might
 n - a potion of berserk rage {unknown}
Books
 r - a book of Minor Magic

   Spells                             Type                      Level
   a - Magic Dart                     Conjuration                  1
   b - Blink                          Translocation                2
   c - Call Imp                       Summoning                    2
   d - Slow                           Hexes                        2
   e - Conjure Flame                  Conjuration/Fire             3
   f - Mephitic Cloud                 Conjuration/Poison/Air       3
Comestibles
 f - 2 bread rations
 h - a royal jelly
 l - 2 chunks of flesh
 m - 2 meat rations


   Skills:
 - Level 2.6 Fighting
 * Level 5.5 Axes
 - Level 3.2 Armour
 - Level 3.2 Shields
 + Level 1.8 Translocations


You had 2 spell levels left.
You knew the following spells:

 Your Spells              Type           Power        Failure   Level  Hunger
a - Blink                 Tloc           N/A          100%        2    ###....


Dungeon Overview and Level Annotations

Branches:
Dungeon (3/15)

Altars:


Innate Abilities, Weirdness & Mutations

You are resistant to damage.
You can heal yourself by infusing magical energy.
You passively map a small area around you.
You do not regenerate.


Message History

You slash the gnoll!
The gnoll is severely wounded.
You block the gnoll's attack.
You barely miss the gnoll.
The gnoll is severely wounded.
The gnoll hits you with a flail of crushing!
* * * LOW HITPOINT WARNING * * *
x2 Your shield and plate armour prevent you from hitting the gnoll.
The gnoll is severely wounded.
You block the gnoll's attack.
You closely miss the gnoll.
The gnoll is severely wounded.
The gnoll hits you but does no damage.
You hit the gnoll.
The gnoll is severely wounded.
You block the gnoll's attack.
You hit the gnoll.
The gnoll is almost dead.
The gnoll hits you with a flail of crushing!
You die...

, , .......g.gb... ,
................ ,..
.........##.o.## * ...,,
......... .#.# ####.#,
,......... ,...# * ,
#.....# ..b.....#., #..
.......###.#####..# #..
........##.# * ,
.........@.# , ,
.........g.# * ,
.......)...# * ,
...........# , *
...........# ,
#..........####
#######.......########.*
##...##...<......... ..
##..####.##..#####... .


You could see a gnoll and a bat.

Vanquished Creatures
  Terence (D:2)
  An orc wizard (D:3)
  3 gnolls
  3 worms
  A dart slug (D:1)
  4 leopard geckos
  4 orcs (D:3)
  2 ball pythons (D:1)
  6 giant cockroaches
  5 hobgoblins
  2 jackals (D:1)
  7 kobolds
  5 bats
  4 frilled lizards
  6 goblins
  3 rats
57 creatures vanquished.

Notes
Turn   | Place    | Note
-------+----------+-------------------------------------------
     0 | D:1      | Ordine the Deep Dwarf Fighter began the quest for the Orb.
     0 | D:1      | Reached XP level 1. HP: 20/20 MP: 1/1
    84 | D:1      | Reached skill level 3 in Axes
    95 | D:1      | Reached XP level 2. HP: 22/27 MP: 2/2
   404 | D:1      | Reached XP level 3. HP: 25/33 MP: 3/3
   425 | D:1      | Reached skill level 4 in Axes
   972 | D:2      | Learned a level 2 spell: Blink
  1212 | D:2      | Noticed Terence
  1224 | D:2      | Killed Terence
  1224 | D:2      | Reached XP level 4. HP: 22/40 MP: 4/4
  1253 | D:2      | Reached skill level 5 in Axes
  1331 | D:3      | Reached skill level 1 in Translocations
  1496 | D:3      | Reached XP level 5. HP: 12/46 MP: 5/5
  1582 | D:3      | Slain by a gnoll

Vault maps used:
D:1:      dpeg_arrival_shelter
D:2:      first_bread, uniq_terence
D:3:      uniq_crazy_yiuf_cottage

Skill      XL: |  1  2  3  4 |
---------------+-------------+-----
Axes           | 3 4 5 |  5.5
Translocations | 1 |  1.8
Fighting       | |  2.6
Armour         | |  3.2
Shields        | |  3.2

Action                   |  1- 3 |  4- 6 || total
-------------------------+-------+-------++-------
Melee: War axe           |   120 |    61 ||   181
  Use: Scroll            |     7 |     1 ||     8
       Potion            |       |     4 ||     4
  Eat: Chunk             |     4 |    11 ||    15
Armor: Scale mail        |    12 |       ||    12
       Plate armour      |    67 |    31 ||    98
Dodge: Dodged            |    15 |     5 ||    20
Block: Shield            |    67 |    26 ||    93
